 Dungeon Crawl Stone Soup version 0.17-a0-81-g781747f (webtiles) character file.

93 Ngotmuk the Skirmisher (level 4, 0/36 HPs)
             Began as a Human Fighter on Mar 15, 2015.
             Was an Initiate of Cheibriados.
             Slain by an orc wizard
             ... wielding a +0 dagger
              (3 damage)
             ... on level 4 of the Dungeon.
             The game lasted 00:05:48 (2470 turns).

Ngotmuk the Skirmisher (Human Fighter)              Turns: 2470, Time: 00:05:49

Health: 0/36       AC:  6    Str: 18    XL:     4   Next: 91%
Magic:  4/4        EV:  8    Int: 12    God:    Cheibriados [......]
Gold:   141        SH:  9    Dex: 14    Spells: 0 memorised, 3 levels left

rFire  . . .     SeeInvis .     a - +0 flail
rCold  . . .     Clarity  .     b - +0 scale mail
rNeg   . . .     SustAb   .     c - +0 shield
rPois  .         Gourm    .     (no helmet)
rElec  .         Spirit   .     (no cloak)
rCorr  .         Warding  .     (no gloves)
rMut   .         Stasis   .     (no boots)
MR     .....                    p - amulet of faith
Stlth  ..........               (no ring)
                                k - +3 ring of intelligence

@: slowed, very slow, not resistant to hostile enchantments, extremely
unstealthy
A: no striking features
a: Bend Time, Renounce Religion


You were on level 4 of the Dungeon.
You worshipped Cheibriados.
Cheibriados was noncommittal.
You were not hungry.

You visited 1 branch of the dungeon, and saw 4 of its levels.

You collected 141 gold pieces.

Inventory:

Hand weapons
 a - a +0 flail (weapon)
Armour
 b - a +0 scale mail (worn)
 c - a +0 shield (worn)
Jewellery
 k - a +3 ring of intelligence (left hand)
 p - an amulet of faith (around neck)
Scrolls
 f - a scroll of random uselessness {unknown}
 h - 4 scrolls of identify {unknown}
 i - a scroll of noise {unknown}
 m - a scroll of teleportation {unknown}
Potions
 e - 2 potions of might
 l - a potion of haste {unknown}
 n - a potion of poison {unknown}
 o - 2 potions of curing {unknown}
Comestibles
 d - 3 bread rations
 g - 3 meat rations
 j - a beef jerky


   Skills:
 + Level 3.6 Fighting
 + Level 2.6 Maces & Flails
 + Level 3.4 Armour
 + Level 1.6 Dodging
 + Level 3.5 Shields


You had 3 spell levels left.
You didn't know any spells.

Dungeon Overview and Level Annotations

Branches:
Dungeon (4/15)
 Temple: D:4-7

Altars:
Cheibriados
Gozag
Kikubaaqudgha

Annotations:
D:3 BluebellGnoll's ghost, average OpTm


Message History

You feel less confused.
You miss something. Something hits you.
* * * LOW HITPOINT WARNING * * *
The orc wizard casts a spell at you.
The magic dart hits something.
Reactivating autopickup.
You hit the orc wizard!
The orc wizard is severely wounded.
You block the orc wizard's attack.
The orc wizard mumbles some strange words.
The orc wizard blinks!
The orc wizard hits you but does no damage.
You block the orc wizard's attack.
You closely miss the orc wizard.
The orc wizard is severely wounded.
The orc wizard hits you with a dagger.
* * * LOW HITPOINT WARNING * * *
The orc wizard gestures at you while chanting.
You resist with some effort. The orc wizard hits you with a dagger.
You die...

#..##.#.#.#
#.#..%..#.#.#
#.......#.#.#
####.#ยง##.#.#
#.#....#.#
#.###..#.# #.#
#..###
#.###.o###
#......o@#
##########


You could see 2 orc wizards.

Vanquished Creatures
  A worker ant (D:4)
  A giant mite (D:1)
  3 worms
  8 bats
  2 giant cockroaches
  2 goblins
  5 hobgoblins
  6 jackals
  2 ball pythons (D:2)
  2 giant newts (D:2)
  4 kobolds
  6 rats
42 creatures vanquished.

Vanquished Creatures (others)
  An orc wizard (D:4)
1 creature vanquished.

Grand Total: 43 creatures vanquished

Notes
Turn   | Place    | Note
--------------------------------------------------------------
     0 | D:1      | Ngotmuk, the Human Fighter, began the quest for the Orb.
     0 | D:1      | Reached XP level 1. HP: 18/18 MP: 1/1
   113 | D:1      | Reached XP level 2. HP: 22/24 MP: 2/2
   421 | D:1      | Reached skill level 1 in Dodging
   423 | D:1      | Reached XP level 3. HP: 29/29 MP: 3/3
  1364 | D:2      | Reached XP level 4. HP: 35/35 MP: 4/4
  1494 | D:2      | Found an opulent altar of Gozag.
  2027 | D:3      | Found a snail-covered altar of Cheibriados.
  2030 | D:3      | Found an ancient bone altar of Kikubaaqudgha.
  2033 | D:3      | Became a worshipper of Cheibriados the Contemplative
  2129 | D:3      | Noticed BluebellGnoll's ghost (average OpTm)
  2470 | D:4      | Slain by an orc wizard

Action                   |  1- 3 |  4- 6 || total
-------------------------+-------+-------++-------
Melee: Flail             |    61 |    65 ||   126
  Eat: Royal jelly       |     1 |       ||     1
       Pizza             |       |     1 ||     1
       Beef jerky        |       |     1 ||     1
